 Dungeon Crawl Stone Soup version 0.31-a0-7-g51783674b7 (webtiles) character file.

Game seed: 13154823162527779957

2365 mandoloar the Transmogrifier (level 9, -2/100 HPs)
             Began as an Octopode Transmuter on May 5, 2023.
             Slain by Duvessa
             ... wielding a +0 short sword
              (11 damage)
             ... on level 7 of the Dungeon.
             The game lasted 00:29:29 (10860 turns).

mandoloar the Transmogrifier (Octopode Transmuter) Turns: 10860, Time: 00:29:30

Health: -2/100     AC: 24    Str:  9    XL:     9   Next: 44%
Magic:  12/12      EV:  2    Int: 20    God:
Gold:   1262       SH:  0    Dex: 12    Spells: 2/12 levels left

rFire   . .          .
                       - Unarmed
rCold   . . .        (no shield)
rNeg    . . .        (helmet currently unavailable)
rPois   +            x - amulet of the acrobat
rElec   .            d - +5 ring of evasion
rCorr   .            s - ring of wizardry
SInv    .            (no ring)
Will    .....        (no ring)
Stlth   +            (no ring)
HPRegen 0.36/turn    (no ring)
MPRegen 0.13/turn    (no ring)
                     (no ring)

%: acrobat, wizardry (x1)
@: tree-form
A: stationary, stasis, torment immunity, boosted hp, almost no armour,
(amphibious), 8 rings, (camouflage 1), (gelatinous body 1), (nimble swimmer 1),
(tentacles)
a: no special abilities


You were on level 7 of the Dungeon.
You were a tree.
You visited 1 branch of the dungeon, and saw 7 of its levels.

You collected 1262 gold pieces.

Inventory:

Hand Weapons
 a - a +0 shortbow
Missiles
 j - 3 boomerangs
 k - 17 poisoned darts (quivered)
 l - 54 stones
 o - 7 javelins
 q - 2 throwing nets
Armour
 f - a +1 tower shield
Jewellery
 d - a +5 ring of evasion (left branch)
 s - a ring of wizardry (right branch)
 x - an amulet of the acrobat (around neck)
 y - an amulet of regeneration
Wands
 m - a wand of flame (12)
 n - a wand of polymorph (10)
 r - a wand of charming (12)
Scrolls
 e - 2 scrolls of fear
 i - 2 scrolls of identify
 u - a scroll of teleportation
 v - a scroll of brand weapon
 w - 2 scrolls of magic mapping
Potions
 b - 2 potions of flight
 g - 4 potions of lignification
 h - 2 potions of brilliance
 p - 2 potions of attraction
 t - a potion of invisibility
 z - a potion of haste {unknown}
 A - a potion of magic {unknown}


   Skills:
 + Level 8.8 Fighting
 - Level 2.0 Dodging
 - Level 3.0 Unarmed Combat
 - Level 2.0 Spellcasting
 + Level 9.0 Transmutations


You had 2 spell levels left.
You knew the following spells:

 Your Spells              Type           Power      Damage    Failure   Level
a - Beastly Appendage     Tmut           76%        N/A       1%          1
b - Wereblood             Tmut           38%        N/A       1%          2
c - Ice Form              Ice/Tmut       20%        N/A       10%         4
d - Spider Form           Tmut/Pois      20%        N/A       3%          3

Your spell library contained the following spells:

 Spells                   Type           Power      Damage    Failure   Level
 Kiss of Death            Conj/Necr      8%         2d6       6%          1
 Magic Dart               Conj           8%         1d3       6%          1
 Shock                    Conj/Air       8%         1d3       6%          1
 Call Imp                 Summ           4%         N/A       10%         2
 Cigotuvi's Dreadful Rot  Necr/Pois/Air  4%         N/A       10%         2
 Lesser Beckoning         Tloc           4%         N/A       10%         2
 Ignite Poison            Fire/Tmut/Pois 14%        N/A       6%          3
 Gell's Gravitas          Tloc           2%         N/A       19%         3
 Mephitic Cloud           Conj/Pois/Air  2%         N/A       19%         3
 Ozocubu's Armour         Ice            2%         N/A       19%         3
 Swiftness                Air            2%         N/A       19%         3
 Teleport Other           Tloc           2%         N/A       19%         3
 Airstrike                Air            1%         2d(1-17)  50%         4
 Fireball                 Conj/Fire      1%         3d3       83%         5
 Freezing Cloud           Conj/Ice/Air   1%         6-21      83%         5
 Iron Shot                Conj/Erth      1%         9d1       100%        6
 Orb of Destruction       Conj           1%         9d5       100%        7
 Ozocubu's Refrigeration  Ice            1%         4d7       100%        7


Dungeon Overview and Level Annotations

Branches:
Dungeon (7/15)
 Temple: D:4-7

Altars:

Annotations:
D:7 Duvessa


Innate Abilities, Weirdness & Mutations

You are a tree.
Your roots penetrate the ground, keeping you stationary.
You cannot be teleported.
You are immune to unholy pain and torment.
Your maximum health is greatly increased.
You cannot wear most types of armour.
((You are amphibious.))
You can wear up to eight rings at the same time.
((Your skin changes colour to match your surroundings (Stealth+).))
((Your rubbery body absorbs attacks. (AC +1, EV +1)))
((You are camouflaged when in or above water. (Stealth+)))
((You have tentacles for arms and can constrict up to eight enemies at once.))


Message History

Duvessa is heavily wounded.
Duvessa hits you with a +0 short sword.
* * * LOW HITPOINT WARNING * * *
You smack Duvessa!
Duvessa is severely wounded.
Duvessa hits you with a +0 short sword.
* * * LOW HITPOINT WARNING * * *
You hit Duvessa.
Duvessa is severely wounded.
Duvessa hits you but does no damage. x2
You barely miss Duvessa. You punch Duvessa, but do no damage.
Duvessa is severely wounded.
Duvessa hits you with a +0 short sword!
* * * LOW HITPOINT WARNING * * *
You barely miss Duvessa. You punch Duvessa.
Duvessa is severely wounded.
Duvessa hits you but does no damage. Duvessa hits you with a +0 short sword.
* * * LOW HITPOINT WARNING * * *
You are confused.
You feel invigorated. Duvessa hits you with a +0 short sword.
* * * LOW HITPOINT WARNING * * *
Duvessa hits you but does no damage. x2
Duvessa hits you but does no damage. Duvessa hits you with a +0 short sword.
* * * LOW HITPOINT WARNING * * *
Duvessa hits you with a +0 short sword!
* * * LOW HITPOINT WARNING * * *
You feel less invigorated.
You feel less confused. Duvessa barely misses you.
Duvessa hits you but does no damage. Duvessa hits you with a +0 short sword.
* * * LOW HITPOINT WARNING * * *
You hit Duvessa.
Duvessa is severely wounded.
Duvessa hits you with a +0 short sword!
* * * LOW HITPOINT WARNING * * *
You smack Duvessa!
Duvessa is almost dead.
Duvessa hits you with a +0 short sword!
You die...

#.#..#..##.#
##..#..#.##..
.....#...##.#
...#..#e.##.#
....#..#..#.# .#
.....#....#.### #.#
...#..#...#...# #.#
....#..#....#e# #.#
.....#...####♣# #.#
#..#..#.## #.# #.#
........#####.####.#
#.####...).........##
#..##.....###.......#
.........# #######.#
#.##.....# #.# #
#....## #.# #.#.##
#)#


You could see Duvessa (berserk).

Vanquished Creatures
  2 water moccasins (D:6)
  2 black bears (D:6)
  2 ice beasts (D:5)
  A sky beast (D:7)
  2 ogres
  A centaur (D:5)
  3 phantoms
  Blork the orc (D:5)
  6 scorpions
  3 wights (D:7)
  Dowan (D:7)
  2 howler monkeys
  3 hounds
  A gnoll bouda (D:3)
  A jelly (D:6)
  3 iguanas
  An orc wizard (D:4)
  6 adders
  9 gnolls
  3 ufetubi (D:6)
  A worm (D:2)
  9 dart slugs
  6 orcs
  11 ball pythons
  9 endoplasms
  3 giant cockroaches
  7 goblins
  16 hobgoblins
  A jackal (D:4)
  3 quokkas
  7 bats
  3 frilled lizards (D:2)
  9 kobolds
  5 rats
143 creatures vanquished.

Notes
Turn   | Place    | Note
-------+----------+-------------------------------------------
     0 | D:1      | mandoloar the Octopode Transmuter began the quest for the
                  | Orb.
     0 | D:1      | Reached XP level 1. HP: 13/13 MP: 3/3
   616 | D:1      | Reached XP level 2. HP: 18/18 MP: 3/5
   800 | D:1      | Learned a level 2 spell: Wereblood
  1017 | D:1      | Reached XP level 3. HP: 24/24 MP: 2/6
  1184 | D:1      | Reached skill level 3 in Transmutations
  1767 | D:2      | Reached XP level 4. HP: 30/30 MP: 5/7
  1817 | D:2      | Learned a level 4 spell: Ice Form
  2312 | D:2      | Found a faded altar of an unknown god.
  3245 | D:3      | Identified the +5 ring mail of Repulsion {rElec rC- Will+
                  | SInv}
  3621 | D:3      | Noticed a scorpion
  4198 | D:4      | Noticed a scorpion
  4328 | D:4      | Killed a scorpion
  4329 | D:4      | Reached skill level 4 in Transmutations
  4329 | D:4      | Reached XP level 5. HP: 36/37 MP: 3/8
  4761 | D:3      | Reached XP level 6. HP: 43/43 MP: 5/9
  5100 | D:4      | Reached skill level 5 in Transmutations
  5581 | D:4      | Reached skill level 5 in Fighting
  5581 | D:4      | Reached XP level 7. HP: 50/50 MP: 7/10
  6119 | D:4      | Learned a level 3 spell: Spider Form
  6368 | D:5      | Entered Level 5 of the Dungeon
  6432 | D:5      | Identified a scroll of acquirement
  6432 | D:5      | Acquired 843 gold pieces
  6609 | D:4      | Reached skill level 6 in Transmutations
  6855 | D:5      | Noticed Blork the orc
  7029 | D:5      | Identified the +1 robe "Nydghuirph" {rElec rF- Will+++
                  | Dex+3}
  7405 | D:5      | Reached XP level 8. HP: 42/57 MP: 7/11
  7902 | D:5      | Reached skill level 7 in Transmutations
  8792 | D:5      | Killed Blork the orc
  8868 | D:6      | Got Uproimu's Grimoire of Power
  9353 | D:6      | Reached skill level 8 in Transmutations
  9633 | D:6      | Reached XP level 9. HP: 66/66 MP: 7/12
 10525 | D:7      | Noticed Dowan
 10529 | D:7      | Noticed Duvessa
 10555 | D:7      | Killed Dowan
 10767 | D:7      | Reached skill level 9 in Transmutations
 10860 | D:7      | Slain by Duvessa

Illustrated notes

Levels and vault maps discovered:
D:1:      sevenhm_arrival_forest_fort_small_3, layout_rooms, serial_curves,
          eino_curves_01, eino_curves_03, minmay_cut_off
D:2:      layout_loops_ring, hellmonk_ecumenical_altar_defaced_shrine,
          minmay_misc_feat_rugged
D:3:      layout_loops_ring
D:4:      layout_gridville, skrybe_limestone_x, minmay_starry_boxes
D:5:      layout_gridville, uniq_blork_the_orc
D:6:      layout_loops_corners, minmay_statues_item
D:7:      layout_loops_ring, minmay_temple_entry_grid,
          minmay_misc_feat_diagonals, uniq_menkaure, uniq_duvessa

Skill      XL: |  1  2  3  4  5  6  7  8  9 |
---------------+----------------------------+-----
Fighting       | 2 3 4 5 6 8 |  8.8
Transmutations | 3 4 5 6 8 9 |  9.0
Dodging        | |  2.0
Unarmed Combat | |  3.0
Spellcasting   | |  2.0

Action                     |  1- 3 |  4- 6 |  7- 9 || total
---------------------------+-------+-------+-------++-------
  Melee: Dagger            |    67 |    24 |       ||    91
         Constrict         |    23 |    20 |     7 ||    50
         Kick              |    18 |    15 |     8 ||    41
         Tentacles         |     9 |    14 |     6 ||    29
         Short sword       |       |    52 |     7 ||    59
         Unarmed           |       |    27 |   222 ||   249
         Punch             |       |     1 |     3 ||     4
   Fire: Shortbow          |       |       |    14 ||    14
  Throw: Stone             |     3 |     1 |       ||     4
         Dart              |     2 |    26 |     9 ||    37
         Throwing net      |       |     2 |       ||     2
         Boomerang         |       |     1 |       ||     1
   Cast: Beastly Appendage |    30 |    34 |     5 ||    69
         Wereblood         |     1 |       |     3 ||     4
         Ice Form          |       |     5 |    38 ||    43
  Evoke: Wand              |       |       |     2 ||     2
    Use: Scroll            |     6 |     5 |     7 ||    18
         Potion            |       |       |     2 ||     2
   Stab: Sleeping          |     2 |     4 |       ||     6
 Armour: Skin              |     2 |     2 |    49 ||    53
  Dodge: Dodged            |    58 |    72 |   177 ||   307

Table legend: (Time is in decaauts)
 A = Elapsed time spent in this place.
 B = Non-inter-level travel time spent in this place.
 C = Inter-level travel time spent in this place.
 D = Time resting spent in this place.
 E = Time spent auto-exploring this place.
 F = Levels seen in this place.
 G = Mean time per level.
                   A        B        C        D        E       F      G
               +--------+--------+--------+--------+--------+-----+--------+
         Total |  10860 |  10127 |    733 |   3943 |   4579 |   7 | 1551.4 |
       Dungeon |  10860 |  10127 |    733 |   3943 |   4579 |   7 | 1551.4 |
               +--------+--------+--------+--------+--------+-----+--------+

Top non-repeatable levels by time:
     D:4: 2635 daAuts
     D:3: 1747 daAuts
     D:1: 1611 daAuts
     D:5: 1579 daAuts
     D:6: 1457 daAuts
     D:2: 1283 daAuts
     D:7: 545 daAuts
